[Event "2026 European Womens Championship"]
[Site "Batumi, GE"]
[Date "2026.06.04"]
[Round "10"]
[White "Mgeladze, Kesaria"]
[Black "Sivanandan, Bodhana"]
[Result "1-0"]
[Board "41"]
[TimeControl "5400+30"]
[WhiteFideId "13621130"]
[BlackFideId "497592"]
[WhiteElo "2147"]
[BlackElo "2374"]
[WhiteTitle "WIM"]
[BlackTitle "FM"]
[WhiteClock "0:27:31"]
[BlackClock "0:20:55"]
[Variant "Standard"]

1. e4 c6 2. d4 d5 3. e5 Bf5 4. g4 Be4 5. f3 Bg6 6. e6 fxe6 7. h4 h5 8. Bd3 Bxd3 9. Qxd3 c5 10. Ne2 Qd6 11. dxc5 Qa6 12. Qg6+ Kd7 13. Nd4 hxg4 14. c6+ Nxc6 15. Qxe6+ Ke8 16. Qg6+ Kd7 17. Qxg4+ Ke8 18. Qg6+ Kd7 19. Qf5+ e6 20. Qxe6+ Kd8 21. Bg5+ Be7 22. Qxd5+ Ke8 23. Ne6 Qa5+ 24. Nc3 Qxd5 25. Nxd5 Kf7 26. O-O-O Nf6 27. Rhe1 Rae8 28. Ndf4 Nb8 29. Nc7 Rc8 30. Rxe7+ Kxe7 31. Ng6+ Kf7 32. Nxh8+ Rxh8 33. Nb5 Nbd7 34. Nd6+ Ke6 35. Nxb7 Ne5 36. Nc5+ Kf5 37. Rd4 Rc8 38. Nd3 Nfd7 39. Nxe5 Nxe5 40. Rd5 Ke6 41. Ra5 Nc6 42. Rc5 Kd6 43. Rc3 Rf8 44. Re3 Rf7 45. f4 Kd5 46. c3 Rb7 47. Kc2 Rc7 48. Kd3 Rb7 49. b4 Kd6 50. a4 a6 51. Kc4 Rc7 52. Kb3 Rb7 53. f5 Kd5 54. Re6 Na5+ 55. Kc2 Nc4 56. Rxa6 Ke4 57. Kb3 Ne5 58. Re6 Kxf5 59. Re7 Rb6 60. a5 Rd6 61. b5 Rd5 62. Kb4 Rd1 63. a6 Rb1+ 64. Kc5 Rb3 65. c4 Rc3 66. Rxe5 Kxe5 67. a7 Ra3 68. b6 Ra5+ 69. Kc6 Kd4 70. b7 Rxa7 71. b8=Q Ra6+ 72. Kb5 Ra2 73. Qf4+ Kc3 74. Qe3+ Kb2 75. Kb4 Ra1 76. Qb3# 1-0

[Event "2026 European Womens Championship"]
[Site "Batumi, GE"]
[Date "2026.06.04"]
[Round "10"]
[White "Khurtsilava, Inga"]
[Black "Mirzoeva, Elmira"]
[Result "0-1"]
[Board "42"]
[TimeControl "5400+30"]
[WhiteFideId "13600419"]
[BlackFideId "4127951"]
[WhiteElo "2175"]
[BlackElo "2265"]
[WhiteTitle "WGM"]
[BlackTitle "WGM"]
[WhiteClock "0:19:37"]
[BlackClock "0:18:53"]
[Variant "Standard"]

1. Nf3 Nf6 2. d4 b6 3. e3 Bb7 4. Bd3 g6 5. Nbd2 Bg7 6. e4 d6 7. Qe2 O-O 8. O-O Nbd7 9. Re1 e5 10. d5 Nc5 11. b4 Nxd3 12. Qxd3 Nh5 13. Nf1 f5 14. Ng5 fxe4 15. Nxe4 Nf4 16. Bxf4 exf4 17. Rad1 f3 18. gxf3 Qh4 19. Nfg3 Rf7 20. Qc4 Qf4 21. Re3 Be5 22. Nd2 Qh6 23. Ndf1 a6 24. a4 Raf8 25. b5 a5 26. Qe2 Qg5 27. c4 Bc8 28. Nd2 h5 29. Kh1 h4 30. Rxe5 Qxe5 31. Qxe5 dxe5 32. Nge4 Rf4 33. Kg2 Bf5 34. Re1 Kg7 35. Re3 h3+ 36. Kg3 g5 37. c5 g4 38. cxb6 gxf3 39. Nc5 Rg4+ 40. Kxf3 cxb6 41. Ncb3 Bd7+ 42. Ke2 Rxa4 43. Rg3+ Rg4 44. Rxh3 Bxb5+ 45. Ke3 a4 46. Nc1 Rc8 47. Ne2 a3 48. f3 a2 49. Nb3 Rb4 50. Rg3+ Kf7 51. Na1 Rb1 52. Rg1 Bxe2 0-1

[Event "2026 European Womens Championship"]
[Site "Batumi, GE"]
[Date "2026.06.04"]
[Round "10"]
[White "Urh, Zala"]
[Black "Zeliantsova, Kseniya"]
[Result "1/2-1/2"]
[Board "43"]
[TimeControl "5400+30"]
[WhiteFideId "14611481"]
[BlackFideId "13512617"]
[WhiteElo "2263"]
[BlackElo "2176"]
[WhiteTitle "WIM"]
[BlackTitle "WFM"]
[WhiteClock "0:03:13"]
[BlackClock "0:07:39"]
[Variant "Standard"]

1. d4 d6 2. c4 e5 3. Nc3 exd4 4. Qxd4 Nc6 5. Qd2 Nf6 6. e4 g6 7. b3 Bg7 8. Bb2 O-O 9. Bd3 Re8 10. Nge2 a5 11. O-O b6 12. f3 Nb4 13. Rad1 Nxd3 14. Qxd3 Nd7 15. Nd4 Nc5 16. Qc2 Bd7 17. Nd5 c6 18. Nc3 Qe7 19. Kh1 Rad8 20. Nce2 Qf8 21. Bc3 Be5 22. Be1 Na6 23. f4 Bf6 24. f5 Qg7 25. Bc3 Be5 26. f6 Qh6 27. Nf3 Nb4 28. Qb2 Bxc3 29. Nxc3 Bg4 30. a3 Na6 31. b4 axb4 32. axb4 Be6 33. b5 Nc5 34. bxc6 Bxc4 35. c7 Rc8 36. Rfe1 Nd3 37. Rxd3 Bxd3 38. Qxb6 Bc4 39. Qxd6 Qf8 40. e5 Re6 41. Qd7 Qe8 42. Rd1 Qxd7 43. Rxd7 Kf8 44. Ne4 Ke8 45. Re7+ Rxe7 46. Nd6+ Kd7 47. fxe7 Ba6 48. Nxc8 Bxc8 49. Ng5 Kxe7 50. Nxh7 Ke6 51. Ng5+ Kxe5 52. Nxf7+ Ke6 53. Ng5+ Kd6 54. Nf3 Kxc7 55. Nh4 g5 56. Nf3 g4 57. Nd2 Kd6 58. Kg1 Ke5 59. Kf2 Kf5 60. Kg3 Be6 61. Nf1 Kg5 62. Ne3 Bd7 63. Nd5 Be6 64. Nc3 Bf5 65. Kf2 Bd7 66. g3 Kf5 67. Ke3 Ke5 68. Ne2 Bc6 69. Nf4 Be4 70. Ne6 Bc6 71. Nc5 Bb5 72. Ne4 Bd7 73. Nf2 Bf5 74. Nd3+ Bxd3 75. Kxd3 Kd5 76. Ke3 Ke5 77. Kf2 Kf6 78. Kg2 Kg6 79. Kf1 Kf5 80. Kf2 Kf6 81. Ke1 Ke5 82. Ke2 Ke6 83. Kd2 Kd6 84. Kd1 Kd5 85. Ke1 Ke5 86. Kf2 Kf6 87. h4 gxh3 88. g4 Kg5 89. Kg3 h2 90. Kxh2 Kxg4 1/2-1/2

[Event "2026 European Womens Championship"]
[Site "Batumi, GE"]
[Date "2026.06.04"]
[Round "10"]
[White "Kirtadze, Anastasia"]
[Black "Huseynova, Lala"]
[Result "0-1"]
[Board "44"]
[TimeControl "5400+30"]
[WhiteFideId "13622714"]
[BlackFideId "13431781"]
[WhiteElo "2233"]
[BlackElo "2149"]
[WhiteTitle "WIM"]
[BlackTitle "WFM"]
[WhiteClock "0:02:07"]
[BlackClock "0:07:08"]
[Variant "Standard"]

1. c4 e6 2. Nf3 Nf6 3. Nc3 d5 4. e3 Be7 5. Qc2 c5 6. cxd5 exd5 7. d4 Nc6 8. dxc5 Bg4 9. Nd4 Bxc5 10. Nxc6 bxc6 11. h3 Be6 12. a3 Bd6 13. Bd2 O-O 14. Bd3 c5 15. O-O Qd7 16. Be1 Rab8 17. Qe2 Bf5 18. Rd1 Rfd8 19. f3 Bxd3 20. Rxd3 Qf5 21. e4 Qe6 22. Bh4 Be5 23. Bxf6 Bxf6 24. Re1 d4 25. Nd1 c4 26. Rd2 Bg5 27. e5 Qh6 28. e6 Bxd2 29. exf7+ Kxf7 30. Qxc4+ Kf8 31. Re6 Qg5 32. Re4 Qd5 33. Qd3 Bg5 34. h4 Bf6 35. g4 Qb3 36. Qf1 Re8 37. Rf4 Kg8 38. g5 Be5 39. Re4 Bc7 0-1

[Event "2026 European Womens Championship"]
[Site "Batumi, GE"]
[Date "2026.06.04"]
[Round "10"]
[White "Mamedjarova, Turkan"]
[Black "Mkrtchyan, Anahit H."]
[Result "1-0"]
[Board "45"]
[TimeControl "5400+30"]
[WhiteFideId "13402005"]
[BlackFideId "13314858"]
[WhiteElo "2222"]
[BlackElo "2107"]
[WhiteTitle "WGM"]
[WhiteClock "0:32:52"]
[BlackClock "0:23:20"]
[Variant "Standard"]

1. d4 Nf6 2. Nf3 g6 3. e3 Bg7 4. Bc4 d6 5. O-O O-O 6. Nbd2 Nbd7 7. c3 e5 8. e4 a5 9. a4 Qe7 10. Re1 Kh8 11. dxe5 dxe5 12. b3 Nh5 13. Nf1 Nf4 14. Ne3 c6 15. Ba3 Nc5 16. Qc2 Be6 17. Rad1 b6 18. Rd2 f5 19. Bxc5 bxc5 20. Bxe6 Qxe6 21. Red1 Rab8 22. c4 Qc8 23. exf5 gxf5 24. Nh4 Ne6 25. Nhxf5 Nd4 26. Nxd4 cxd4 27. Nf1 Qb7 28. Rb1 c5 29. Ng3 Qc6 30. Ne4 Rf4 31. Re2 Rb7 32. Qd3 Re7 33. Rbe1 Rf8 34. Ng3 Qg6 35. Re4 Rf4 36. Qd2 Bh6 37. Qxa5 Rxe4 38. Nxe4 d3 39. Qd8+ Re8 40. Qxd3 Rg8 41. g3 Qb6 42. Nd6 Rf8 43. Rxe5 Bg7 44. Rh5 h6 45. Qg6 Qc7 46. Ne8 1-0

[Event "2026 European Womens Championship"]
[Site "Batumi, GE"]
[Date "2026.06.04"]
[Round "10"]
[White "Tirpan, Ceren"]
[Black "Nadanyan, Kiti"]
[Result "1-0"]
[Board "46"]
[TimeControl "5400+30"]
[WhiteFideId "26385309"]
[BlackFideId "13316710"]
[WhiteElo "2209"]
[BlackElo "1801"]
[WhiteTitle "WFM"]
[WhiteClock "0:05:59"]
[BlackClock "0:00:31"]
[Variant "Standard"]

1. Nf3 d5 2. g3 Nf6 3. Bg2 Bf5 4. O-O e6 5. c4 c6 6. b3 Be7 7. Bb2 h6 8. d3 O-O 9. Nbd2 a5 10. Qc2 a4 11. Rab1 a3 12. Ba1 Na6 13. Rbd1 Nb4 14. Qb1 Bh7 15. Nd4 Nd7 16. Nc2 e5 17. Nxb4 Bxb4 18. cxd5 cxd5 19. Nf3 Re8 20. Ne1 Nf6 21. Nc2 Qb6 22. Nxb4 Qxb4 23. Rc1 d4 24. Rc7 Rab8 25. Qc1 Bf5 26. Rc4 Qe7 27. b4 Be6 28. Rc5 b6 29. Rxe5 Qxb4 30. e3 Rec8 31. Qd1 Bxa2 32. Bxd4 Bb3 33. Qa1 Rc2 34. Rf5 Ne8 35. Rf4 Qa5 36. Bf3 Rbc8 37. Qb1 Be6 38. Bxb6 Qd2 39. Kg2 a2 40. Qb4 Qxb4 41. Rxb4 Nd6 42. e4 Rd2 43. e5 Nf5 44. Be4 Rdc2 45. Ra1 Rc1 46. Rxa2 Nh4+ 47. gxh4 Bxa2 48. Be3 Rd1 49. d4 Rd8 50. Rb6 Be6 51. Bf3 Bd5 52. Bxd5 Rxd5 53. Rb8+ Kh7 54. Rf8 Rd7 55. h5 Ra1 56. Kf3 Rh1 57. Ke4 Rxh2 58. d5 Rxh5 59. d6 f6 60. f4 fxe5 61. fxe5 Kg6 62. Bc5 Rf7 63. Rxf7 Kxf7 64. d7 Rh4+ 65. Kd5 Rh1 66. d8=Q 1-0

[Event "2026 European Womens Championship"]
[Site "Batumi, GE"]
[Date "2026.06.04"]
[Round "10"]
[White "Nenova, Andzhelika"]
[Black "Rudzinska, Michalina"]
[Result "0-1"]
[Board "47"]
[TimeControl "5400+30"]
[WhiteFideId "2939355"]
[BlackFideId "1172883"]
[WhiteElo "2072"]
[BlackElo "2200"]
[BlackTitle "WGM"]
[WhiteClock "0:03:05"]
[BlackClock "0:38:16"]
[Variant "Standard"]

1. e4 c6 2. d4 d5 3. f3 g6 4. Nc3 Bg7 5. e5 f6 6. f4 Nh6 7. Nf3 Bg4 8. h3 Bxf3 9. Qxf3 Nf5 10. Qd3 fxe5 11. fxe5 e6 12. Be3 c5 13. Nb5 O-O 14. O-O-O Qa5 15. dxc5 Qxa2 16. Nc3 Qa1+ 17. Kd2 Qa5 18. b4 Qxb4 19. Rb1 Qh4 20. g3 Qxg3 21. Nxd5 exd5 22. Qxd5+ Kh8 23. Rb3 Nxe3 24. Rxe3 Bh6 0-1

[Event "2026 European Womens Championship"]
[Site "Batumi, GE"]
[Date "2026.06.04"]
[Round "10"]
[White "Rodriguez Redondo, Adhara"]
[Black "Dimitrijevic, Aleksandra"]
[Result "0-1"]
[Board "48"]
[TimeControl "5400+30"]
[WhiteFideId "32065698"]
[BlackFideId "929239"]
[WhiteElo "2200"]
[BlackElo "2059"]
[WhiteTitle "WFM"]
[BlackTitle "WGM"]
[WhiteClock "0:00:31"]
[BlackClock "0:27:12"]
[Variant "Standard"]

1. e4 c5 2. Nf3 e6 3. d4 cxd4 4. Nxd4 Nc6 5. Nc3 d6 6. Be3 Nge7 7. Nb3 a6 8. Qd2 b5 9. O-O-O Ng6 10. f4 Be7 11. Kb1 Qc7 12. g4 h6 13. h4 Nxh4 14. Qf2 g5 15. Be2 Bd7 16. Rd2 gxf4 17. Bxf4 Ng6 18. Rxh6 Rxh6 19. Bxh6 Nce5 20. Be3 Rb8 21. Nd4 Nc4 22. Bxc4 bxc4 23. Nde2 Qb7 24. Nd1 Qxe4 25. g5 Qb7 26. Nec3 Bc6 27. Qf1 d5 28. Ne2 Ba3 29. Bd4 e5 30. Bc3 Be7 31. Qg1 d4 32. Nxd4 exd4 33. Bxd4 Bd5 34. Qh2 Bxg5 35. Re2+ Be6 36. Qh7 Nf8 37. Qh5 Be7 38. Ne3 Rd8 39. Bg7 Bg4 40. Nd5 Rxd5 0-1

[Event "2026 European Womens Championship"]
[Site "Batumi, GE"]
[Date "2026.06.04"]
[Round "10"]
[White "Liavonava, Yuliya"]
[Black "Brunello, Marina"]
[Result "1-0"]
[Board "50"]
[TimeControl "5400+30"]
[WhiteFideId "13524178"]
[BlackFideId "822590"]
[WhiteElo "2118"]
[BlackElo "2346"]
[WhiteTitle "WFM"]
[BlackTitle "IM"]
[WhiteClock "0:08:08"]
[BlackClock "0:13:16"]
[Variant "Standard"]

1. e4 c5 2. Nf3 d6 3. Bb5+ Nd7 4. Ba4 a6 5. c4 Ngf6 6. Nc3 e6 7. O-O Be7 8. d3 O-O 9. h3 Ne5 10. Nxe5 dxe5 11. Qe2 h6 12. f4 Bd6 13. Bd2 Bc7 14. Kh1 exf4 15. e5 Nh7 16. Bxf4 Qh4 17. Ne4 Qe7 18. Bc2 Rd8 19. Nf6+ Nxf6 20. exf6 Qd7 21. fxg7 Bxf4 22. Rxf4 f5 23. Rf3 Qd6 24. Re1 b6 25. Re3 Ra7 26. Qh5 Kxg7 27. Bd1 Qf4 28. Qe2 Rf7 29. Qc2 Qd6 30. Bf3 Rf6 31. Qf2 Qf4 32. Qc2 Qd6 33. b3 Qd4 34. Qc1 a5 35. a3 Qh4 36. Qb1 Qd4 37. b4 cxb4 38. axb4 Bd7 39. bxa5 bxa5 40. Qb7 Kg6 41. Qc7 Bc8 42. Qxa5 Kg7 43. c5 Rf7 44. c6 Ra7 45. Qb5 Kf6 46. Qb8 Ra1 47. Qg3 Rxe1+ 48. Rxe1 Qd6 49. Qh4+ Kg6 50. Ra1 Rg8 51. Qh5+ Kh7 52. Ra7+ Rg7 53. Rxg7+ Kxg7 54. Qe8 Qc7 55. Bh5 Kf6 56. d4 Ba6 57. h4 Qg7 58. Qd8+ Qe7 59. c7 f4 60. Be8 Bb7 61. Bd7 Ba6 62. Qxe7+ Kxe7 63. c8=Q Bxc8 64. Bxc8 1-0

[Event "2026 European Womens Championship"]
[Site "Batumi, GE"]
[Date "2026.06.04"]
[Round "10"]
[White "Arakhamia-Grant, Ketevan"]
[Black "Lomaia, Diana"]
[Result "0-1"]
[Board "51"]
[TimeControl "5400+30"]
[WhiteFideId "13600168"]
[BlackFideId "13612476"]
[WhiteElo "2306"]
[BlackElo "2110"]
[WhiteTitle "GM"]
[BlackTitle "WFM"]
[WhiteClock "0:01:10"]
[BlackClock "0:05:20"]
[Variant "Standard"]

1. e4 e5 2. Nf3 Nc6 3. Bb5 a6 4. Ba4 Nf6 5. d3 Bc5 6. c3 b5 7. Bb3 O-O 8. O-O d5 9. exd5 Nxd5 10. Re1 Bg4 11. h3 Bh5 12. Nbd2 Nf4 13. d4 exd4 14. Ne4 Nxh3+ 15. gxh3 Ne5 16. Nxe5 Bxd1 17. Rxd1 Be7 18. Rxd4 Qe8 19. Bf4 c5 20. Rd2 c4 21. Bc2 f5 22. Nd6 Qh5 23. Re1 Bxd6 24. Rxd6 Rad8 25. Nd7 Rfe8 26. Red1 Kh8 27. Kg2 Re2 28. Ne5 Re8 29. Rd8 R2xe5 30. Bxe5 Qg5+ 31. Kh2 Rxd8 32. Rg1 Qe7 33. Bxg7+ Qxg7 34. Rxg7 Kxg7 35. Bxf5 Rf8 36. Be4 Rxf2+ 37. Kg3 Rxb2 0-1

[Event "2026 European Womens Championship"]
[Site "Batumi, GE"]
[Date "2026.06.04"]
[Round "10"]
[White "Velikic, Adela"]
[Black "Tashkinova, Sofiia"]
[Result "1-0"]
[Board "52"]
[TimeControl "5400+30"]
[WhiteFideId "913553"]
[BlackFideId "14188309"]
[WhiteElo "2277"]
[BlackElo "2085"]
[WhiteTitle "WIM"]
[BlackTitle "WFM"]
[WhiteClock "0:25:44"]
[BlackClock "0:34:39"]
[Variant "Standard"]

1. Nf3 Nf6 2. c4 e6 3. Nc3 d5 4. d4 Be7 5. Bf4 c6 6. e3 Nbd7 7. c5 Nh5 8. Bd3 Nxf4 9. exf4 f6 10. O-O Qc7 11. Re1 Qxf4 12. Rxe6 Nf8 13. Re3 Kf7 14. Qe2 Bd8 15. Re1 Bd7 16. Ne5+ fxe5 17. Rf3 Bf6 18. dxe5 Qd4 19. exf6 Re8 20. Qe7+ 1-0

[Event "2026 European Womens Championship"]
[Site "Batumi, GE"]
[Date "2026.06.04"]
[Round "10"]
[White "Szczotka, Klara"]
[Black "Avetisyan, Ani"]
[Result "1/2-1/2"]
[Board "53"]
[TimeControl "5400+30"]
[WhiteFideId "21858845"]
[BlackFideId "13319035"]
[WhiteElo "2241"]
[BlackElo "2052"]
[WhiteTitle "WFM"]
[WhiteClock "0:22:46"]
[BlackClock "0:01:05"]
[Variant "Standard"]

1. d4 Nf6 2. c4 e6 3. Bg5 h6 4. Bh4 g5 5. Bg3 h5 6. f3 d5 7. Nc3 c6 8. e3 h4 9. Bf2 Nbd7 10. Nh3 Rg8 11. Be2 a5 12. Rc1 Be7 13. f4 gxf4 14. Nxf4 dxc4 15. O-O h3 16. Nxh3 b5 17. Bf3 Nd5 18. e4 Nxc3 19. bxc3 e5 20. Bg3 Bf6 21. Bh5 Rg7 22. dxe5 Bxe5 23. Bxf7+ Rxf7 24. Rxf7 Kxf7 25. Bxe5 Qb6+ 26. Bd4 c5 27. Qh5+ Ke7 28. Qg5+ Kd6 29. Be3 Kc7 30. Bf4+ Kb7 31. Rd1 Nb8 32. Rd6 Nc6 33. Be3 Bxh3 34. gxh3 Re8 35. Rd7+ Ka6 36. Qd5 Ne7 37. Qxc5 Qxc5 38. Bxc5 Nc6 39. Rc7 Re6 40. a3 b4 41. axb4 axb4 42. Bxb4 1/2-1/2

[Event "2026 European Womens Championship"]
[Site "Batumi, GE"]
[Date "2026.06.04"]
[Round "10"]
[White "Peglau, Charis"]
[Black "Radikovic, Anamarija"]
[Result "1/2-1/2"]
[Board "54"]
[TimeControl "5400+30"]
[WhiteFideId "16219996"]
[BlackFideId "14546264"]
[WhiteElo "2238"]
[BlackElo "1974"]
[WhiteTitle "WFM"]
[BlackTitle "WFM"]
[WhiteClock "0:18:00"]
[BlackClock "0:25:00"]
[Variant "Standard"]

1. Nf3 Nf6 2. g3 d5 3. Bg2 c5 4. O-O Nc6 5. d4 cxd4 6. Nxd4 e5 7. Nxc6 bxc6 8. c4 h6 9. Nc3 e4 10. Qa4 Bd7 11. Rd1 Bc5 12. e3 O-O 13. b4 Bd6 14. Rb1 Be5 15. Bb2 Qe7 16. Qc2 Bg4 17. Rd2 Qe6 18. Na4 Bxb2 19. Qxb2 Bf3 20. Nc5 Qf5 21. Nb3 dxc4 22. Nd4 Qh5 23. Qc2 Ng4 24. Nxf3 exf3 25. Bxf3 Qxh2+ 26. Kf1 Ne5 27. Bg2 Rad8 28. Rd4 Qh5 29. Qe2 Qg6 30. Rbd1 Rxd4 31. exd4 Nd3 32. a3 Qf6 33. Be4 Qxd4 34. Bxd3 cxd3 35. Qxd3 Qb6 36. Kg1 a5 37. Qd6 axb4 38. axb4 Rb8 39. Rd4 Qb5 40. Qe7 Ra8 41. Rd8+ Rxd8 42. Qxd8+ Kh7 43. Qd7 Qc4 44. Qf5+ g6 45. Qf6 Qe6 46. Qd4 1/2-1/2

[Event "2026 European Womens Championship"]
[Site "Batumi, GE"]
[Date "2026.06.04"]
[Round "10"]
[White "Hariharan, Shambavi"]
[Black "Tsetskhladze, Mariam"]
[Result "0-1"]
[Board "55"]
[TimeControl "5400+30"]
[WhiteFideId "488160"]
[BlackFideId "13623834"]
[WhiteElo "2008"]
[BlackElo "2234"]
[WhiteTitle "WFM"]
[BlackTitle "WFM"]
[WhiteClock "0:01:03"]
[BlackClock "0:02:06"]
[Variant "Standard"]

1. d4 Nf6 2. c4 e6 3. Nf3 d5 4. g3 Bb4+ 5. Bd2 a5 6. a3 Be7 7. Bg2 O-O 8. Qc2 dxc4 9. Qxc4 b6 10. Bf4 Nd5 11. O-O Ba6 12. Qc2 Nd7 13. Rd1 Rc8 14. Nc3 Nxf4 15. gxf4 Bd6 16. e3 f6 17. Qb3 Qe7 18. f5 Rce8 19. Bh3 Nb8 20. fxe6 Kh8 21. d5 f5 22. Kh1 Qf6 23. Rg1 Qh6 24. Ng5 Kg8 25. f4 Be7 26. Nf7 Qxh3 27. Rxg7+ Kxg7 28. Rg1+ Bg5 29. Rxg5+ Kf6 30. Ne4+ Ke7 31. Ng3 Rxf7 32. exf7 Rf8 33. e4 Kd8 34. Rg8 Nd7 35. Qc3 Qh6 36. Qh8 Bd3 37. e5 Ke7 38. e6 Nf6 39. Qg7 Qxg7 40. Rxg7 Nxd5 41. Rxh7 Nxf4 0-1

[Event "2026 European Womens Championship"]
[Site "Batumi, GE"]
[Date "2026.06.04"]
[Round "10"]
[White "Gharibyan, Mane"]
[Black "Starosta, Martyna"]
[Result "0-1"]
[Board "56"]
[TimeControl "5400+30"]
[WhiteFideId "13306430"]
[BlackFideId "21818754"]
[WhiteElo "1776"]
[BlackElo "2175"]
[BlackTitle "WIM"]
[WhiteClock "0:00:43"]
[BlackClock "0:45:48"]
[Variant "Standard"]

1. e4 e6 2. d4 d5 3. Nd2 a6 4. Ngf3 c5 5. exd5 exd5 6. dxc5 Bxc5 7. Nb3 Bb6 8. Be2 Nf6 9. Bg5 Bxf2+ 10. Kf1 Ba7 11. Bxf6 Qxf6 12. Qxd5 Nc6 13. Qe4+ Ne7 14. Re1 O-O 15. Bd3 Ng6 16. Nbd4 Qb6 17. h4 h5 18. g3 Bg4 19. Kg2 Rad8 20. c3 Qxb2+ 21. Ne2 Rfe8 22. Qc4 Bxf3+ 23. Kh2 Bd5 24. Qc7 Bxh1 0-1

[Event "2026 European Womens Championship"]
[Site "Batumi, GE"]
[Date "2026.06.04"]
[Round "10"]
[White "Saltkhutsishvili, Sara"]
[Black "Berke, Ana"]
[Result "0-1"]
[Board "57"]
[TimeControl "5400+30"]
[WhiteFideId "13636995"]
[BlackFideId "14510359"]
[WhiteElo "1763"]
[BlackElo "2164"]
[BlackTitle "WIM"]
[WhiteClock "0:00:31"]
[BlackClock "0:22:18"]
[Variant "Standard"]

1. c4 c5 2. Nc3 Nc6 3. g3 e5 4. Bg2 d6 5. Nf3 g6 6. O-O Bg7 7. d3 Nge7 8. a3 a5 9. Rb1 O-O 10. b3 Rb8 11. Bb2 h6 12. Qd2 Be6 13. Rfc1 f5 14. Na2 b5 15. e3 f4 16. exf4 exf4 17. Bxg7 Kxg7 18. cxb5 Rxb5 19. Nc3 Rb8 20. Ne4 Nf5 21. Qc3+ Nfd4 22. Nxd4 Nxd4 23. b4 Kh7 24. Re1 Bg4 25. Kh1 f3 26. Bf1 axb4 27. axb4 Ne2 28. Bxe2 fxe2 29. bxc5 Rxb1 30. Rxb1 Rf7 31. c6 d5 32. c7 Qe7 33. Nd6 d4 34. Qb4 Rxf2 35. Kg1 Qe3 0-1

[Event "2026 European Womens Championship"]
[Site "Batumi, GE"]
[Date "2026.06.04"]
[Round "10"]
[White "Mamedjarova, Zeinab"]
[Black "Kalandadze, Mariam"]
[Result "1-0"]
[Board "58"]
[TimeControl "5400+30"]
[WhiteFideId "13401521"]
[BlackFideId "13621122"]
[WhiteElo "2137"]
[BlackElo "1892"]
[WhiteTitle "WGM"]
[WhiteClock "0:01:13"]
[BlackClock "0:01:39"]
[Variant "Standard"]

1. d4 Nf6 2. Nf3 g6 3. Bf4 Bg7 4. e3 c5 5. c3 Qb6 6. Qc1 d6 7. Nbd2 Nbd7 8. h3 O-O 9. Bc4 Qc6 10. O-O b5 11. Bb3 Bb7 12. a4 a6 13. Qd1 e5 14. Bh2 e4 15. Ne1 Rfe8 16. g4 c4 17. Bc2 Qd5 18. Ng2 h5 19. Qe2 hxg4 20. hxg4 Nf8 21. b3 Bc8 22. bxc4 bxc4 23. Qxc4 Qg5 24. Bxd6 Bxg4 25. Bd1 Bh3 26. Bg3 Nh5 27. Kh2 Rac8 28. Qxa6 Bxg2 29. Kxg2 Rxc3 30. Bxh5 gxh5 31. Qb5 Qxb5 32. axb5 Nd7 33. Rfc1 Rd3 34. Nc4 Re6 35. Rab1 Rg6 36. Kf1 h4 37. Bf4 h3 38. b6 Bh6 39. Ne5 Nxe5 40. Bxe5 1-0

[Event "2026 European Womens Championship"]
[Site "Batumi, GE"]
[Date "2026.06.04"]
[Round "10"]
[White "Danielyan, Lilia"]
[Black "Skvortsova, Alena"]
[Result "0-1"]
[Board "59"]
[TimeControl "5400+30"]
[WhiteFideId "13319841"]
[BlackFideId "24166251"]
[WhiteElo "1728"]
[BlackElo "2135"]
[BlackTitle "WFM"]
[WhiteClock "0:31:27"]
[BlackClock "0:30:04"]
[Variant "Standard"]

1. c4 g6 2. Nc3 Bg7 3. g3 e5 4. Bg2 Ne7 5. d3 O-O 6. e3 c6 7. Nge2 a5 8. O-O d6 9. Rb1 Be6 10. h3 Nd7 11. a3 f5 12. Kh2 Nf6 13. b4 axb4 14. Rxb4 Qc7 15. Na4 Nd7 16. f4 Bf7 17. fxe5 dxe5 18. d4 Rfd8 19. d5 Nf6 20. e4 Rab8 21. Nb6 Nxe4 22. Bxe4 fxe4 23. Bg5 cxd5 24. Rxf7 Kxf7 25. Nxd5 Nxd5 26. Bxd8 Qxd8 27. cxd5 Qf6 28. Rb3 Qf2+ 29. Kh1 Bf6 30. d6 Kg7 31. d7 e3 32. Ng1 Qxg3 33. Qd6 Rd8 34. Rb2 Qf4 35. Rg2 Qd4 36. Qc7 Rxd7 37. Qc2 Qd5 38. Qe2 Qe4 39. Qb5 Rd2 40. Ne2 Bg5 41. Kh2 Bf4+ 42. Nxf4 Qxf4+ 43. Kh1 Qe4 0-1

[Event "2026 European Womens Championship"]
[Site "Batumi, GE"]
[Date "2026.06.04"]
[Round "10"]
[White "Hayrapetyan, Nvard"]
[Black "Jimenez Fernandez, Rebeca"]
[Result "0-1"]
[Board "60"]
[TimeControl "5400+30"]
[WhiteFideId "13316460"]
[BlackFideId "32070934"]
[WhiteElo "2057"]
[BlackElo "2166"]
[WhiteTitle "WFM"]
[BlackTitle "WFM"]
[WhiteClock "0:11:31"]
[BlackClock "0:27:55"]
[Variant "Standard"]

1. d4 Nf6 2. c4 e6 3. Nc3 Bb4 4. e3 O-O 5. Bd3 d5 6. a3 Bxc3+ 7. bxc3 e5 8. dxe5 dxc4 9. exf6 cxd3 10. fxg7 Re8 11. Nf3 Bg4 12. h3 Bh5 13. g4 Bg6 14. O-O Nc6 15. Nd4 Na5 16. Bd2 Nc4 17. Qc1 c5 18. Nf3 h5 19. Ne1 hxg4 20. hxg4 Qh4 21. f3 Kxg7 22. Ng2 Qh3 23. e4 Ne5 24. c4 Nxf3+ 25. Rxf3 Qxf3 26. Bc3+ f6 27. g5 Bxe4 28. Bxf6+ Kg8 29. Ra2 Qg3 30. Bc3 Bxg2 31. Rxg2 Qe3+ 32. Qxe3 Rxe3 33. g6 Rae8 34. Kf1 Re2 0-1

[Event "2026 European Womens Championship"]
[Site "Batumi, GE"]
[Date "2026.06.04"]
[Round "10"]
[White "Gueci, Tea"]
[Black "Rusitashvili, Tea"]
[Result "1-0"]
[Board "61"]
[TimeControl "5400+30"]
[WhiteFideId "872342"]
[BlackFideId "13640771"]
[WhiteElo "2160"]
[BlackElo "1929"]
[WhiteTitle "WIM"]
[BlackTitle "WCM"]
[WhiteClock "0:28:08"]
[BlackClock "0:24:23"]
[Variant "Standard"]

1. e4 c5 2. Nf3 Nc6 3. Bb5 g6 4. O-O Bg7 5. d3 e5 6. a3 Nge7 7. b4 cxb4 8. axb4 Nxb4 9. Ba3 Nbc6 10. Bd6 Nd4 11. Nxd4 Qb6 12. Bxe7 exd4 13. Ba3 Qxb5 14. Re1 Qc6 15. Nd2 b5 16. e5 Bf8 17. Ne4 Bxa3 18. Rxa3 O-O 19. Qa1 Qb6 20. Qc1 Kg7 21. Qf4 Bb7 22. Nd6 Bd5 23. Qf6+ Kg8 24. h4 h5 25. Rea1 Qc6 26. Ra6 Qc5 27. Nf5 1-0

[Event "2026 European Womens Championship"]
[Site "Batumi, GE"]
[Date "2026.06.04"]
[Round "10"]
[White "Ashotia, Barbare"]
[Black "Ptacnikova, Lenka"]
[Result "0-1"]
[Board "62"]
[TimeControl "5400+30"]
[WhiteFideId "13625187"]
[BlackFideId "305650"]
[WhiteElo "1913"]
[BlackElo "2126"]
[BlackTitle "WGM"]
[WhiteClock "0:07:05"]
[BlackClock "0:22:30"]
[Variant "Standard"]

1. e4 c5 2. Nf3 e6 3. d4 cxd4 4. Nxd4 Nc6 5. Nc3 Nf6 6. Nxc6 bxc6 7. e5 Nd5 8. Ne4 Bb7 9. c4 Nb4 10. Bd2 c5 11. Nd6+ Bxd6 12. exd6 Qh4 13. Bxb4 cxb4 14. Qd2 a5 15. O-O-O O-O 16. f3 Rfc8 17. Qe3 Qh5 18. Rd4 Qc5 19. Qd2 Ra6 20. Bd3 f5 21. Bc2 e5 22. Rh4 e4 23. Rd1 Qxc4 24. Kb1 a4 25. b3 Qc5 26. fxe4 Rxd6 27. Qe2 Ba6 0-1